 Dungeon Crawl Stone Soup version 0.19.0-17-g07987d3 (webtiles) character file.

903 Gravenous the Nimble (level 7, -2/42 HPs)
             Began as a Felid Ice Elementalist on Nov 10, 2016.
             Was a Follower of Vehumet.
             Killed by divine providence
             ... invoked by an orc priest
              (15 damage)
             ... on level 9 of the Dungeon.
             The game lasted 00:27:05 (9972 turns).

Gravenous the Nimble (Felid Ice Elementalist)       Turns: 9972, Time: 00:27:06

Health: -2/42      AC: 23    Str:  4    XL:     7   Next: 80%
Magic:  2/13       EV:  4    Int: 18    God:    Vehumet [*.....]
Gold:   140        SH:  5    Dex: 17    Spells: 5 memorised, 0 levels left
                                        Lives:  0   Deaths: 2

rFire  . . .     SeeInvis +     (weapon unavailable)
rCold  . . .     Gourm    .     (armour unavailable)
rNeg   + + +     Faith    .     (shield unavailable)
rPois  +         Spirit   .     (helmet unavailable)
rElec  .         Reflect  +     (cloak unavailable)
rCorr  .         Harm     .     (gloves unavailable)
MR     +....     NoTele   +     (boots unavailable)
Stlth  +++.......               f - +5 amulet of reflection
                                s - ring of wizardry
                                (no ring)

@: tree-form
A: no armour, no weapons or thrown items, stealth, (claws 0), (fangs 0), see
invisible, carnivore 3, (speed 0), (shaggy fur 0), slow metabolism 1, (sharp
paws)
a: Renounce Religion


You were on level 9 of the Dungeon.
You worshipped Vehumet.
Vehumet was aware of your devotion.
You were full.
You were a tree.
You visited 2 branches of the dungeon, and saw 10 of its levels.

You collected 397 gold pieces.
You spent 257 gold pieces at shops.

Inventory:

Jewellery
 f - a +5 amulet of reflection (around neck)
 k - an uncursed amulet of rage {unknown}
 s - a ring of wizardry (right branch)
 y - an uncursed amulet of guardian spirit {unknown}
Wands
 j - a wand of lightning (4/15)
 u - a wand of iceblast (0/15)
 v - a wand of flame (26/48)
 B - a wand of teleportation (7/9)
 E - a wand of paralysis (16/24)
Scrolls
 e - 2 scrolls of teleportation
 h - 5 scrolls of recharging
 o - 3 scrolls of enchant weapon
 r - 3 scrolls of remove curse
Potions
 c - 2 potions of ambrosia
 g - 2 potions of brilliance
 l - a potion of lignification
 m - 3 potions of curing
 w - 2 potions of might
 x - a potion of cure mutation {unknown}
 F - a potion of beneficial mutation {unknown}
Books
 a - a book of Frost

   Spells                             Type                      Level
   a - Freeze                         Ice                          1
   b - Throw Frost                    Conjuration/Ice              2
   c - Ozocubu's Armour               Charms/Ice                   3
   d - Throw Icicle                   Conjuration/Ice              4
   e - Summon Ice Beast               Ice/Summoning                4
 p - a book of Maledictions

   Spells                             Type                      Level
   a - Corona                         Hexes                        1
   b - Ensorcelled Hibernation        Hexes/Ice                    2
   c - Confuse                        Hexes                        3
   d - Tukima's Dance                 Hexes                        3
   e - Dazzling Spray                 Conjuration/Hexes            3
 q - a book of Minor Magic

   Spells                             Type                      Level
   a - Magic Dart                     Conjuration                  1
   b - Blink                          Translocation                2
   c - Call Imp                       Summoning                    2
   d - Repel Missiles                 Charms/Air                   2
   e - Slow                           Hexes                        2
   f - Conjure Flame                  Conjuration/Fire             3
   g - Mephitic Cloud                 Conjuration/Poison/Air       3
 t - a book of Conjurations

   Spells                             Type                      Level
   a - Magic Dart                     Conjuration                  1
   b - Searing Ray                    Conjuration                  2
   c - Dazzling Spray                 Conjuration/Hexes            3
   d - Fulminant Prism                Conjuration/Hexes            4
   e - Iskenderun's Mystic Blast      Conjuration                  4
   f - Iskenderun's Battlesphere      Conjuration/Charms           5
 A - a Young Poisoner's Handbook

   Spells                             Type                      Level
   a - Sting                          Conjuration/Poison           1
   b - Mephitic Cloud                 Conjuration/Poison/Air       3
   c - Olgreb's Toxic Radiance        Poison                       4
   d - Alistair's Intoxication        Transmutation/Poison         5
   e - Venom Bolt                     Conjuration/Poison           5
Comestibles
 b - 5 meat rations
 d - 3 beef jerkies
 i - a royal jelly
 z - a slice of pizza


   Skills:
 + Level 0.4 Fighting
 - Level 8.5 Dodging
 - Level 5.8 Stealth
 - Level 3.6 Spellcasting
 - Level 2.6 Conjurations
 - Level 3.3 Hexes
 - Level 5.8 Charms
 - Level 3.7 Summonings
 * Level 4.9 Ice Magic


You couldn't memorise any spells.
You knew the following spells:

 Your Spells              Type           Power        Failure   Level  Hunger
a - Freeze                Ice            ###.         1%          1    None
b - Throw Frost           Conj/Ice       ###...       2%          2    ##.....
c - Ozocubu's Armour      Chrm/Ice       ###.....     2%          3    ###....
d - Confuse               Hex            ###.....     6%          3    ###....
e - Summon Ice Beast      Ice/Summ       ###.....     12%         4    ####...


Dungeon Overview and Level Annotations

Branches:
Dungeon (9/15)             Temple (1/1) D:7
   Lair: D:8-11         Orc: D:9-12

Altars:
Dithmenos
Nemelex Xobeh
Okawaru
Qazlal
Ru
Uskayaw
Vehumet
Yredelemnul
Zin

Shops:
D:7 *   D:8 *

Annotations:
D:4 1 runed door, Blork the orc, Grinder, Menkaure


Innate Abilities, Weirdness & Mutations

You cannot wear armour.
You are incapable of wielding weapons or throwing items.
Your paws allow you to move quietly. (Stealth)
((You have sharp claws.))
((You have razor-sharp teeth.))
You have supernaturally acute eyesight. (SInv)
You are carnivorous and can eat meat at any time.
((You cover ground quickly.))
((You are covered in thick fur. (AC +2)))
You have a slow metabolism.
((Your sharp claws are effective at attacking unaware monsters.))


Message History

Casting: Summon Ice Beast
Confirm with . or Enter, or press ? or * to list all spells.
You don't have enough magic to cast that spell.
Unknown command.
You hit the orc warrior but do no damage.
The orc warrior is severely wounded.
The orc priest calls down the wrath of Beogh upon you.
Beogh smites you!
The orc wizard gestures at you while chanting.
The magic dart hits you!
You hit the orc warrior.
The orc warrior is severely wounded.
The orc wizard casts a spell at you. The magic dart hits you!
The orc warrior hits you with a war axe!
You hit the orc warrior but do no damage.
The orc warrior is severely wounded.
The orc priest calls down the wrath of Beogh upon you.
Beogh smites you!
You die...

####
#..#
#♣o#
#o.#
#o<#
#)##
#.)
###


You could see an orc warrior, an orc priest and an orc wizard.

Vanquished Creatures
  Sigmund (D:5)
  A water moccasin (D:6)
  An ogre (D:3)
  A centaur (D:7)
  A big kobold (D:6)
  2 bullfrogs (D:6)
  A killer bee (D:8)
  3 howler monkeys
  2 jellies
  2 crimson imps
  A hound (D:7)
  2 bullfrog zombies
  2 orc priests (D:6)
  2 orc wizards
  2 iguanas
  4 worker ants
  4 gnolls (D:4)
  12 adders
  2 shadow imps (D:6)
  2 oozes
  4 worms
  2 dart slugs
  8 leopard geckos
  24 orcs
  6 bats
  13 giant cockroaches
  7 hobgoblins
  7 jackals
  16 kobolds
  2 quokkas
  2 ball pythons
  7 frilled lizards
  8 goblins
  A leopard gecko skeleton (D:6)
  A quokka skeleton (D:3)
  11 rats
167 creatures vanquished.

Vanquished Creatures (collateral kills)
  The ghost of Turgon the Insei, an amateur DsCK of Xom (D:5)
  A hippogriff (D:8)
  An orc warrior (D:6)
  An ogre (D:9)
  A centaur (D:5)
  A big kobold (D:7)
  4 killer bees (D:8)
  An orc priest (D:9)
  2 orcs (D:6)
  2 kobolds (D:8)
15 creatures vanquished.

Grand Total: 182 creatures vanquished

Notes
Turn   | Place    | Note
-------+----------+-------------------------------------------
     0 | D:1      | Gravenous the Felid Ice Elementalist began the quest for the Orb.
     0 | D:1      | Reached XP level 1. HP: 7/7 MP: 4/4
   161 | D:1      | Reached XP level 2. HP: 11/11 MP: 4/6
   647 | D:1      | Reached XP level 3. HP: 8/14 MP: 3/7
   829 | D:1      | Learned a level 2 spell: Throw Frost
   833 | D:1      | Learned a level 3 spell: Ozocubu's Armour
   935 | D:1      | Reached skill level 3 in Dodging
  1255 | D:2      | Reached skill level 1 in Charms
  1914 | D:3      | Reached XP level 4. HP: 18/18 MP: 5/8
  2350 | D:3      | Reached XP level 5. HP: 19/21 MP: 1/9
  2723 | D:3      | You fall through a shaft!
  2766 | D:4      | Noticed Grinder
  2995 | D:4      | Noticed Menkaure
  3172 | D:4      | Noticed an ogre
  3314 | D:3      | Noticed an ogre
  3445 | D:3      | Killed an ogre
  3445 | D:3      | Reached skill level 4 in Dodging
  3445 | D:3      | Gained mutation: You are covered in thick fur. (AC +2) [Felid growth]
  3445 | D:3      | Reached XP level 6. HP: 24/24 MP: 1/11
  3981 | D:3      | Learned a level 3 spell: Confuse
  4502 | D:4      | Found a runed door.
  4562 | D:4      | Noticed Blork the orc
  4699 | D:4      | Paralysed by Grinder for 7 turns
  4732 | D:5      | Entered Level 5 of the Dungeon
  5021 | D:5      | Noticed Turgon's ghost (amateur DsCK)
  5153 | D:5      | Noticed Sigmund
  5162 | D:5      | Killed Sigmund
  5162 | D:5      | Reached skill level 5 in Dodging
  5162 | D:5      | Reached skill level 5 in Stealth
  5162 | D:5      | Reached skill level 5 in Charms
  5162 | D:5      | Reached XP level 7. HP: 19/27 MP: 8/12
  6162 | D:6      | HP: 1/27 [orc warrior/tomahawk (14)]
  6163 | D:6      | Killed from afar by an orc wizard
  6164 | D:6      | Reached XP level 6. HP: -6/24 MP: 6/11
  6346 | D:6      | Reached skill level 6 in Dodging
  6346 | D:6      | Reached skill level 1 in Hexes
  6346 | D:6      | Reached XP level 7. HP: 19/27 MP: 10/12
  6668 | D:6      | Reached skill level 1 in Conjurations
  7035 | D:7      | Found a staircase to the Ecumenical Temple.
  7044 | Temple   | Entered the Ecumenical Temple
  7057 | Temple   | Became a worshipper of Vehumet
  7475 | D:7      | Learned a level 4 spell: Summon Ice Beast
  7522 | D:7      | Found a stormy altar of Qazlal.
  7522 | D:7      | Found an iron altar of Okawaru.
  7552 | D:7      | Found Defote Cuto's General Store.
  7559 | D:7      | Bought a scroll of teleportation for 36 gold pieces
  7708 | D:6      | Found a sacrificial altar of Ru.
  7713 | D:6      | Reached skill level 7 in Dodging
  7846 | D:6      | Reached skill level 1 in Summonings
  7847 | D:6      | Reached XP level 8. HP: 31/31 MP: 3/14
  8354 | D:8      | Reached * piety under Vehumet
  8354 | D:8      | Offered knowledge of Shock by Vehumet.
  8373 | D:8      | Noticed a hippogriff
  8383 | D:8      | HP: 1/31 [poisoned by a killer bee]
  8386 | D:8      | Killed a hippogriff
  8616 | D:8      | Reached skill level 8 in Dodging
  8868 | D:8      | Noticed a catoblepas
  9230 | D:5      | Killed Turgon's ghost
  9273 | D:5      | Found a shadowy altar of Dithmenos.
  9274 | D:5      | Found a sparkling altar of Nemelex Xobeh.
  9754 | D:8      | Found Usoapn's Assorted Antiques.
  9761 | D:8      | Bought a scroll labeled WACOOF UPSA for 28 gold pieces
  9761 | D:8      | Bought a short fluorescent wand for 112 gold pieces
  9761 | D:8      | Bought a smoky red potion for 25 gold pieces
  9761 | D:8      | Bought a scroll of identify for 56 gold pieces
  9913 | D:8      | HP: 1/31 [catoblepas (14)]
  9918 | D:8      | Killed from afar by a catoblepas
  9919 | D:8      | Reached XP level 7. HP: -3/27 MP: 1/13
  9972 | D:9      | Killed from afar by an orc priest

Skill      XL: |  1  2  3  4  5  6  7  8 |
---------------+-------------------------+-----
Ice Magic      | 3 4 |  4.9
Dodging        | 3 4 6 7 8 |  8.5
Stealth        | 3 4 5 |  5.8
Charms         | 1 2 3 5 |  5.8
Spellcasting   | 3 |  3.6
Hexes          | 1 3 |  3.3
Conjurations   | 2 |  2.6
Summonings     | 1 3 |  3.7
Fighting       | |  0.4

Action                   |  1- 3 |  4- 6 |  7- 9 || total
-------------------------+-------+-------+-------++-------
Melee: Unarmed           |    32 |    73 |    95 ||   200
       Bite              |       |     9 |     7 ||    16
 Cast: Freeze            |    67 |   131 |   118 ||   316
       Throw Frost       |       |    21 |     6 ||    27
       Ozocubu's Armour  |       |     3 |     2 ||     5
       Confuse           |       |     2 |     8 ||    10
       Summon Ice Beast  |       |       |    22 ||    22
Evoke: Wand              |       |     2 |     4 ||     6
  Use: Scroll            |       |    11 |     6 ||    17
       Potion            |       |       |     4 ||     4
 Stab: Sleeping          |     2 |     1 |     1 ||     4
       Distracted        |       |       |     1 ||     1
       Confused          |       |       |     1 ||     1
  Eat: Chunk             |    10 |     8 |    20 ||    38
Armor: Skin              |     2 |     8 |     8 ||    18
Dodge: Dodged            |    56 |   118 |   179 ||   353
Block: Other             |     7 |    43 |    36 ||    86
       Reflection        |       |     1 |     3 ||     4
